 Dungeon Crawl Stone Soup version 0.21.0-3-g78d12a8bdd (webtiles) character file.

87 NullDivider the Charlatan (level 4, -2/23 HPs)
             Began as a Spriggan Artificer on Jan 12, 2018.
             Slain by a hobgoblin
             ... wielding a +0 club
             ... led by Robin
              (5 damage)
             ... on level 2 of the Dungeon.
             The game lasted 00:13:30 (2724 turns).

NullDivider the Charlatan (Spriggan Artificer)      Turns: 2724, Time: 00:13:31

Health: -2/23      AC:  2    Str:  5 (8)  XL:     4   Next: 28%
Magic:  8/8        EV: 18    Int: 11 (12) God:
Gold:   102        SH:  0    Dex: 14 (17) Spells: 3/3 levels left

rFire    . . .     SeeInvis +   a - +0 short sword
rCold    . . .     Gourm    .   (shield restricted)
rNeg     . . .     Faith    .   b - +0 robe
rPois    .         Spirit   .   (helmet restricted)
rElec    .         Reflect  .   (no cloak)
rCorr    .         Harm     .   (gloves unavailable)
MR       .....                  (boots unavailable)
Stlth    +++.......             (no amulet)
HPRegen  0.07/turn              k - ring of stealth
MPRegen  0.11/turn              (no ring)

@: very quick
A: very small, unfitting armour, see invisible, herbivore, speed 3, slow
metabolism 2
a: no special abilities


You were on level 2 of the Dungeon.
You were not hungry.

You visited 1 branch of the dungeon, and saw 3 of its levels.

You collected 102 gold pieces.

Inventory:

Hand Weapons
 a - a +0 short sword (weapon)
Armour
 b - a +0 robe (worn)
Jewellery
 k - a ring of stealth (left hand)
Wands
 c - a wand of flame (8)
 d - a wand of enslavement (14)
 e - a wand of random effects (13)
Scrolls
 m - a scroll of blinking {unknown}
 o - a scroll of immolation {unknown}
Comestibles
 f - 6 rations


   Skills:
 * Level 1.8 Fighting
 + Level 1.9 Short Blades
 + Level 3.7 Dodging
 * Level 3.8 Stealth
 + Level 4.4 Evocations


You had 3 spell levels left.
You didn't know any spells.

Dungeon Overview and Level Annotations

Branches:
Dungeon (3/15)

Altars:

Annotations:
D:3 Robin; Vifid's ghost, amateur GnNe


Innate Abilities, Weirdness & Mutations

You are very small and have problems with some larger weapons.
You are too small for most types of armour.
You have supernaturally acute eyesight. (SInv)
You are a herbivore.
You cover ground extremely quickly.
You need consume almost no food.


Message History

You hit the hobgoblin.
The hobgoblin is moderately wounded.
The goblin misses you. The hobgoblin hits you with a club.
The hobgoblin hits you but does no damage.
The hobgoblin hits you.
You hit the hobgoblin.
The hobgoblin is almost dead.
The goblin barely misses you. The hobgoblin hits you with a club.
The hobgoblin closely misses you. The hobgoblin hits you.
* * * LOW HITPOINT WARNING * * *
It was a potion of magic.
Magic courses through your body. The goblin completely misses you.
The hobgoblin barely misses you.
The hobgoblin hits you but does no damage.
The hobgoblin closely misses you.
As you read the scroll labeled FYCONI MOCOCI, it crumbles to dust.
The scroll dissolves into smoke.
It was a scroll of fog.
The goblin hits you with a dagger.
* * * LOW HITPOINT WARNING * * *
The hobgoblin hits you with a club.
You die...

#.......#..###....##...#
#......<##.##..#######.#
#.....#........# #..
#.......#......# ##.
#..............########.
#.....#.#...............
#.....#.#......##.......
##.####g#§###.###.......
##.# ##@g§# #..##.......
#..###gg### ##.##.......
#....§§§# #.#####.#..
#..####)# #..####...#
#### #.# ###.#.....##
#.# #...........
###.#####.#.........
#.........#.........
#......####.........


You could see 3 hobgoblins and a goblin.

Vanquished Creatures
  Terence (D:2)
  An adder (D:3)
  8 dart slugs
  2 ball pythons
  5 hobgoblins
  3 kobolds (D:1)
  5 bats
  4 frilled lizards
  7 goblins
  5 rats
41 creatures vanquished.

Notes
Turn   | Place    | Note
-------+----------+-------------------------------------------
     0 | D:1      | NullDivider the Spriggan Artificer began the quest for the Orb.
     0 | D:1      | Reached XP level 1. HP: 9/9 MP: 4/4
    54 | D:1      | Reached skill level 1 in Fighting
   153 | D:1      | Reached XP level 2. HP: 12/14 MP: 6/6
  1477 | D:2      | Noticed Terence
  1728 | D:3      | Reached XP level 3. HP: 11/18 MP: 7/7
  1997 | D:3      | Noticed Vifid's ghost (amateur GnNe)
  2167 | D:2      | Killed Terence
  2167 | D:2      | Reached XP level 4. HP: 18/23 MP: 8/8
  2437 | D:3      | Noticed Robin
  2724 | D:2      | Slain by a hobgoblin

Skill      XL: |  1  2 |
---------------+-------+-----
Stealth        | 2 3 |  3.8
Fighting       | 1 |  1.8
Short Blades   | |  1.9
Dodging        | |  3.7
Evocations     | |  4.4

Action                   |  1- 3 |  4- 6 || total
-------------------------+-------+-------++-------
Melee: Short sword       |   132 |    41 ||   173
Evoke: Wand              |     5 |     5 ||    10
  Use: Potion            |       |     6 ||     6
       Scroll            |       |     1 ||     1
 Stab: Sleeping          |     7 |       ||     7
Armor: Robe              |    14 |     8 ||    22
Dodge: Dodged            |    97 |    50 ||   147
